Kings vs Bruins
Created - May 22, 2022 at 23:17
Goals
|
| Kings |
1 |
0 |
0 |
1 |
| Bruins |
2 |
1 |
0 |
3 |
|
Shots
|
| Kings |
19 |
5 |
12 |
36 |
| Bruins |
11 |
9 |
11 |
31 |
|
1st period
1. Kings , Sean Monahan 23 (Clarke MacArthur 14, Jake Guentzel 30) at 3:40
2. Bruins , Torey Krug 6 (Kris Chucko 9, Madison Bowey 8) at 9:53
3. Bruins , Zack Kassian 32 (Wojtek Wolski 42, Jonathan Toews 44) at 10:58 (PP)
Penalties :
Ryan O'Reilly (L.A) for Tripping (Minor) at 4:04, Clarke MacArthur (L.A) for Hooking (Minor) at 10:02, Brendan Smith (Bos) for Slashing (Minor) at 16:54
2nd period
4. Bruins , Torey Krug 7 (Wojtek Wolski 43, Zack Kassian 36) at 17:49 (PP)
Penalties :
Andrei Kostitsyn (Bos) for Cross-checking (Minor) at 10:35, Seth Jones (L.A) for Interference (Minor) at 15:28, Aaron Ekblad (L.A) for Hooking (Minor) at 17:37
3rd period
No Goal
Penalties :
Aaron Ekblad (L.A) for Tripping (Minor) at 2:40, Cody Franson (L.A) for High sticking (Minor) at 16:32
Goalie Stats
Andrei Vasilevskiy (L.A), 28 saves from 31 shots - (0.903), L, 13-13-3, 60:00 minutes
Kevin Poulin (Bos), 35 saves from 36 shots - (0.972), W, 34-27-2, 60:00 minutes
Players Stats for Kings
Player Name G A P +/- PIM S H SB GA TA FO MP PP MP PK MP
------------------------------------------------------------------------------------
Aaron Ekblad 0 0 0 0 4 0 1 0 0 0 0/0 16:40 0:00 0:00
Brady Skjei 0 0 0 -1 0 1 2 1 2 0 0/0 24:33 2:34 3:20
Clarke MacArthur 0 1 1 1 2 3 3 1 0 0 0/0 14:06 0:00 1:17
Cody Franson 0 0 0 1 2 0 1 3 0 0 0/0 15:17 0:00 4:27
Damon Severson 0 0 0 1 0 0 1 1 0 0 0/0 13:13 0:00 2:09
David Pastrnak 0 0 0 0 0 4 0 0 1 0 0/0 16:25 2:12 0:00
Derek Boogaard 0 0 0 0 0 2 0 0 0 0 0/1 8:05 0:00 2:38
Drew Stafford 0 0 0 1 0 0 0 0 0 0 2/7 18:08 0:00 5:09
Jake Guentzel 0 1 1 -1 0 0 2 0 1 0 0/2 15:41 2:12 0:00
Jared Cowen 0 0 0 -1 0 1 2 0 0 3 0/0 25:38 1:24 5:44
Kyle Clifford 0 0 0 0 0 1 0 1 0 0 1/1 18:53 1:46 2:38
Mikko Rantanen 0 0 0 0 0 0 0 1 0 0 0/0 5:27 0:00 0:00
Nathan MacKinnon 0 0 0 -1 0 4 2 0 0 0 5/8 16:43 2:12 0:23
Pavel Datsyuk 0 0 0 0 0 1 0 1 0 0 2/4 10:52 0:00 5:07
Ryan O'Reilly 0 0 0 0 2 2 3 0 0 0 14/21 16:48 1:24 0:56
Sean Monahan 1 0 1 1 0 7 2 0 1 1 11/21 15:34 1:46 0:00
Seth Jones 0 0 0 0 2 7 1 1 2 0 0/0 22:50 2:34 2:28
Teuvo Teravainen 0 0 0 -1 0 3 4 1 0 0 0/0 15:57 1:46 0:00
Players Stats for Bruins
Player Name G A P +/- PIM S H SB GA TA FO MP PP MP PK MP
------------------------------------------------------------------------------------
Adam Pelech 0 0 0 0 0 2 0 0 0 1 0/0 14:47 0:38 1:15
Andreas Athanasiou 0 0 0 1 0 0 0 0 0 0 0/0 8:11 0:00 0:00
Andrei Kostitsyn 0 0 0 0 2 2 0 0 0 0 0/0 10:07 0:00 0:27
Brendan Smith 0 0 0 -1 2 0 1 3 0 1 0/0 24:07 3:17 1:03
Casey Cizikas 0 0 0 0 0 3 0 0 0 0 2/5 10:29 0:00 0:58
Gabriel Landeskog 0 0 0 0 0 0 3 0 0 0 1/1 20:04 4:06 1:21
Jason Demers 0 0 0 -1 0 1 0 0 1 1 0/0 25:42 5:47 2:18
Jonathan Toews 0 1 1 -1 0 1 2 0 0 0 20/39 21:39 4:58 1:02
Josh Manson 0 0 0 0 0 1 1 0 0 0 0/0 12:54 0:00 0:00
Kevin Hayes 0 0 0 0 0 3 3 0 1 0 6/14 17:57 4:06 0:00
Kris Chucko 0 1 1 1 0 1 0 0 0 0 0/0 8:04 0:00 0:12
Madison Bowey 0 1 1 1 0 1 0 1 0 1 0/0 21:24 3:17 1:40
Matt Read 0 0 0 0 0 1 1 0 0 0 0/1 9:22 0:00 0:00
Mikael Backlund 0 0 0 1 0 0 0 0 1 1 0/1 7:46 0:00 0:00
Torey Krug 2 0 2 1 0 3 2 1 1 1 0/0 21:50 5:09 1:40
Victor Oreskovich 0 0 0 0 0 3 0 0 0 0 0/1 17:57 4:06 0:00
Wojtek Wolski 0 2 2 -1 0 3 1 1 0 1 0/2 21:50 4:58 1:58
Zack Kassian 1 1 2 -1 0 6 0 0 0 0 1/1 21:50 4:58 1:58
3 Stars
1 - Kevin Poulin (Bos)
2 - Torey Krug (Bos)
3 - Zack Kassian (Bos)
Power Play
Kings - 0 on 2 Attempt(s) - 0.00%
Bruins - 2 on 6 Attempt(s) - 33.33%
Penalty Kill
Kings - 4 on 6 Attempt(s) - 66.67%
- Score 0 goal in Penalty Kill
Bruins - 2 on 2 Attempt(s) - 100.00%
- Score 0 goal in Penalty Kill
Team Stat
Kings - Hits : 24 - Faceoff Wins : 35 - Blocked Shots : 11 - Penalty Minutes : 12
Bruins - Hits : 14 - Faceoff Wins : 30 - Blocked Shots : 6 - Penalty Minutes : 4
Official
Referees : Chris Lee and Wes McCauley
Linesman : Ryan Daisy and Travis Gawryletz
Game Notes
No Game Note
Finance
Level 1 -- Attendance: 4231 (70.52%) -- Ticket Income $524,644
Level 2 -- Attendance: 3620 (72.40%) -- Ticket Income $271,500
Level 3 -- Attendance: 1269 (63.45%) -- Ticket Income $55,836
Level 4 -- Attendance: 2782 (69.55%) -- Ticket Income $80,678
Luxury Box -- Attendance: 795 (79.50%) -- Ticket Income $174,105
Game was played at the TD Garden.
Total Attendance: 12697 (70.54%)
Total Ticket Income: $1,106,763
Other Income: $166,014
Total Income: $1,272,777
Kings
5 vs 5 Forward
Center Left Wing Right Wing Time % Phy DF OF
1 Ryan O'Reilly Kyle Clifford David Pastrnak 30 1 1 3
2 Nathan MacKinnon Jake Guentzel Teuvo Teravainen 30 1 1 3
3 Sean Monahan Clarke MacArthur Drew Stafford 30 1 1 3
4 Pavel Datsyuk Derek Boogaard Mikko Rantanen 10 1 2 2
5 vs 5 Defense
Defense Defense Time % Phy DF OF
1 Jared Cowen Brady Skjei 40 1 2 2
2 Seth Jones Aaron Ekblad 35 1 2 2
3 Cody Franson Damon Severson 20 1 2 2
4 Jared Cowen Damon Severson 5 1 2 2
PowerPlay Forward
Center Left Wing Right Wing Time % Phy DF OF
1 Nathan MacKinnon Jake Guentzel David Pastrnak 55 1 0 4
2 Sean Monahan Kyle Clifford Teuvo Teravainen 45 0 2 3
PowerPlay Defense
Defense Defense Time % Phy DF OF
1 Seth Jones Brady Skjei 60 0 2 3
2 Ryan O'Reilly Jared Cowen 40 0 3 2
Penalty Kill 4 Players Forward
Center Wing Time % Phy DF OF
1 Drew Stafford Pavel Datsyuk 60 0 4 1
2 Kyle Clifford Derek Boogaard 40 1 3 1
Penalty Kill 4 Players Defense
Defense Defense Time % Phy DF OF
1 Jared Cowen Cody Franson 60 1 4 0
2 Seth Jones Brady Skjei 40 1 4 0
Penalty Kill - 3 Players Forward
Forward Time % Phy DF OF
1 Kyle Clifford 60 0 5 0
2 Drew Stafford 40 0 5 0
Penalty Kill - 3 Players Defense
Defense Defense Time % Phy DF OF
1 Jared Cowen Cody Franson 60 2 3 0
2 Seth Jones Brady Skjei 40 2 3 0
4 vs 4 Forward
Center Wing Time % Phy DF OF
1 Ryan O'Reilly Teuvo Teravainen 60 1 1 3
2 Sean Monahan Kyle Clifford 40 1 1 3
4 vs 4 Defense
Defense Defense Time % Phy DF OF
1 Jared Cowen Brady Skjei 60 1 2 2
2 Seth Jones Cody Franson 40 1 2 2
Last Minutes Offensive
Center Left Wing Right Wing Defense Defense
Nathan MacKinnon Kyle Clifford David Pastrnak Seth Jones Brady Skjei
Last Minutes Defensive
Center Left Wing Right Wing Defense Defense
Ryan O'Reilly Kyle Clifford Drew Stafford Jared Cowen Seth Jones
Goaltenders
Starting : Andrei Vasilevskiy
Backup : Cam Talbot
Extra Forwards
Normal : Sean Monahan, Nathan MacKinnon, Ryan O'Reilly - PP : Mikko Rantanen, Drew Stafford - PK : Ryan O'Reilly
Extra Defensemen
Normal : Aaron Ekblad, Damon Severson, Seth Jones - PP : Aaron Ekblad - PK : Damon Severson, Seth Jones
Penalty Shots
Mikko Rantanen, Sean Monahan, David Pastrnak, Teuvo Teravainen, Derek Boogaard
Scratches
A.J. Jenks (Healthy), Darroll Powe (Healthy), Jonathan Sigalet (Healthy), Max Friberg (Healthy), Tim Connolly (Healthy)
Bruins
5 vs 5 Forward
Center Left Wing Right Wing Time % Phy DF OF
1 Jonathan Toews Wojtek Wolski Zack Kassian 40 1 2 2
2 Kevin Hayes Gabriel Landeskog Victor Oreskovich 30 1 2 2
3 Casey Cizikas Andrei Kostitsyn Matt Read 20 1 2 2
4 Mikael Backlund Kris Chucko Andreas Athanasiou 10 1 2 2
5 vs 5 Defense
Defense Defense Time % Phy DF OF
1 Jason Demers Brendan Smith 40 1 2 2
2 Madison Bowey Torey Krug 30 1 2 2
3 Josh Manson Adam Pelech 20 1 2 2
4 Jason Demers Brendan Smith 10 1 2 2
PowerPlay Forward
Center Left Wing Right Wing Time % Phy DF OF
1 Jonathan Toews Wojtek Wolski Zack Kassian 60 1 2 2
2 Kevin Hayes Gabriel Landeskog Victor Oreskovich 40 1 2 2
PowerPlay Defense
Defense Defense Time % Phy DF OF
1 Jason Demers Torey Krug 60 1 2 2
2 Madison Bowey Brendan Smith 40 1 2 2
Penalty Kill 4 Players Forward
Center Wing Time % Phy DF OF
1 Wojtek Wolski Zack Kassian 60 1 2 2
2 Jonathan Toews Gabriel Landeskog 40 1 2 2
Penalty Kill 4 Players Defense
Defense Defense Time % Phy DF OF
1 Jason Demers Brendan Smith 60 1 2 2
2 Madison Bowey Torey Krug 40 1 2 2
Penalty Kill - 3 Players Forward
Forward Time % Phy DF OF
1 Wojtek Wolski 60 1 2 2
2 Zack Kassian 40 1 2 2
Penalty Kill - 3 Players Defense
Defense Defense Time % Phy DF OF
1 Jason Demers Torey Krug 60 1 2 2
2 Madison Bowey Josh Manson 40 1 2 2
4 vs 4 Forward
Center Wing Time % Phy DF OF
1 Wojtek Wolski Zack Kassian 60 1 2 2
2 Jonathan Toews Gabriel Landeskog 40 1 2 2
4 vs 4 Defense
Defense Defense Time % Phy DF OF
1 Jason Demers Brendan Smith 60 1 2 2
2 Madison Bowey Torey Krug 40 1 2 2
Last Minutes Offensive
Center Left Wing Right Wing Defense Defense
Jonathan Toews Wojtek Wolski Zack Kassian Jason Demers Torey Krug
Last Minutes Defensive
Center Left Wing Right Wing Defense Defense
Jonathan Toews Wojtek Wolski Zack Kassian Jason Demers Torey Krug
Goaltenders
Starting : Kevin Poulin
Backup : Antti Niemi
Extra Forwards
Normal : Andrei Kostitsyn, Matt Read, Casey Cizikas - PP : Andrei Kostitsyn, Matt Read - PK : Casey Cizikas
Extra Defensemen
Normal : Torey Krug, Jason Demers, Brendan Smith - PP : Adam Pelech - PK : Adam Pelech, Madison Bowey
Penalty Shots
Wojtek Wolski, Zack Kassian, Jonathan Toews, Gabriel Landeskog, Kevin Hayes
Scratches
None
% Time on Ice - Kings
Lines # - Real PCT - Wanted PCT - Time Play
Normal Forward
1 - 31% - 30% - 14:38
2 - 30% - 30% - 14:11
3 - 27% - 30% - 12:42
4 - 12% - 10% - 5:27
Normal Defense
1 - 39% - 40% - 18:18
2 - 38% - 35% - 17:37
3 - 23% - 20% - 10:39
4 - 1% - 5% - 0:24
PP Forward
1 - 55% - 55% - 2:12
2 - 45% - 45% - 1:46
PP Defense
1 - 65% - 60% - 2:34
2 - 35% - 40% - 1:24
PK Forward
1 - 71% - 60% - 6:26
2 - 29% - 40% - 2:38
PK Defense
1 - 63% - 60% - 5:44
2 - 37% - 40% - 3:20
PK3 Forward
1 - 0% - 60%
2 - 0% - 40%
PK3 Defense
1 - 0% - 60%
2 - 0% - 40%
44 Forward
1 - 0% - 60%
2 - 0% - 40%
44 Defense
1 - 0% - 60%
2 - 0% - 40%
Last Minute Offensive - 0:00
Last Minute Defensive - 0:00
Total
Forward - 60:00
Defense - 60:00
|
% Time on Ice - Bruins
Lines # - Real PCT - Wanted PCT - Time Play
Normal Forward
1 - 33% - 40% - 15:28
2 - 31% - 30% - 14:36
3 - 19% - 20% - 9:08
4 - 17% - 10% - 7:46
Normal Defense
1 - 35% - 40% - 16:34
2 - 35% - 30% - 16:27
3 - 27% - 20% - 12:54
4 - 2% - 10% - 1:03
PP Forward
1 - 55% - 60% - 4:58
2 - 45% - 40% - 4:06
PP Defense
1 - 64% - 60% - 5:47
2 - 36% - 40% - 3:17
PK Forward
1 - 74% - 60% - 2:56
2 - 26% - 40% - 1:02
PK Defense
1 - 58% - 60% - 2:18
2 - 42% - 40% - 1:40
PK3 Forward
1 - 0% - 60%
2 - 0% - 40%
PK3 Defense
1 - 0% - 60%
2 - 0% - 40%
44 Forward
1 - 0% - 60%
2 - 0% - 40%
44 Defense
1 - 0% - 60%
2 - 0% - 40%
Last Minute Offensive - 0:00
Last Minute Defensive - 0:00
Total
Forward - 60:00
Defense - 60:00
|
Play-by-Play
1st period
0:01 of 1st period - Ryan O'Reilly wins face-off versus Jonathan Toews in neutral zone.
0:33 of 1st period - Wrist shot by Nathan MacKinnon.
0:33 of 1st period - Stopped by Kevin Poulin with a rebound.
0:57 of 1st period - Snap shot by Andrei Kostitsyn.
0:57 of 1st period - Stopped by Andrei Vasilevskiy with a rebound.
1:33 of 1st period - Snap shot by Mikael Backlund.
1:33 of 1st period - Shot Misses the Net.
1:35 of 1st period - Slapshot by Kris Chucko.
1:35 of 1st period - Stopped by Andrei Vasilevskiy without a rebound.
1:36 of 1st period - Kevin Hayes wins face-off versus Nathan MacKinnon in Kings zone.
1:48 of 1st period - Off-side.
1:49 of 1st period - Jonathan Toews wins face-off versus Sean Monahan in neutral zone.
1:52 of 1st period - Snap shot by Jonathan Toews.
1:52 of 1st period - Shot Misses the Net.
2:27 of 1st period - Snap shot by Kyle Clifford.
2:27 of 1st period - Stopped by Kevin Poulin with a rebound.
2:34 of 1st period - Icing by Josh Manson.
2:35 of 1st period - Kevin Hayes wins face-off versus Nathan MacKinnon in Bruins zone.
3:38 of 1st period - Snap shot by Clarke MacArthur.
3:38 of 1st period - Shot Misses the Net.
3:40 of 1st period - Snap shot by Sean Monahan.
3:40 of 1st period - Goal by Sean Monahan - Kings : 1 - Bruins : 0.
3:41 of 1st period - Ryan O'Reilly wins face-off versus Kevin Hayes in neutral zone.
4:04 of 1st period - Minor Penalty to Ryan O'Reilly for Tripping.
4:05 of 1st period - Zack Kassian wins face-off versus Drew Stafford in Kings zone.
6:02 of 1st period - Zack Kassian is hit by Clarke MacArthur and loses puck.
6:04 of 1st period - Penalty to Ryan O'Reilly is over, Ryan O'Reilly is back on ice.
6:15 of 1st period - Snap shot by Nathan MacKinnon.
6:15 of 1st period - Deflect By Casey Cizikas.
6:15 of 1st period - Stopped by Kevin Poulin without a rebound.
6:16 of 1st period - Ryan O'Reilly wins face-off versus Casey Cizikas in Bruins zone.
6:25 of 1st period - Snap shot by Casey Cizikas.
6:25 of 1st period - Stopped by Andrei Vasilevskiy with a rebound.
6:27 of 1st period - Wrist shot by Matt Read.
6:27 of 1st period - Shot Misses the Net.
6:29 of 1st period - Slapshot by Adam Pelech.
6:29 of 1st period - Shot Blocked by Seth Jones.
6:45 of 1st period - Icing by Adam Pelech.
6:46 of 1st period - Nathan MacKinnon wins face-off versus Mikael Backlund in Bruins zone.
6:51 of 1st period - Slapshot by Nathan MacKinnon.
6:51 of 1st period - Shot Misses the Net.
7:13 of 1st period - Wrist shot by Jake Guentzel.
7:13 of 1st period - Shot Misses the Net.
7:26 of 1st period - Andreas Athanasiou is hit by Cody Franson and loses puck.
7:42 of 1st period - Wrist shot by Jake Guentzel.
7:42 of 1st period - Shot Misses the Net.
8:17 of 1st period - Snap shot by Seth Jones.
8:17 of 1st period - Stopped by Kevin Poulin with a rebound.
8:53 of 1st period - Snap shot by Jake Guentzel.
8:53 of 1st period - Deflect By Teuvo Teravainen.
8:53 of 1st period - Stopped by Kevin Poulin with a rebound.
9:11 of 1st period - Slapshot by Nathan MacKinnon.
9:11 of 1st period - Shot Misses the Net.
9:53 of 1st period - Slapshot by Torey Krug.
9:53 of 1st period - Deflect By Brady Skjei.
9:53 of 1st period - Goal by Torey Krug - Kings : 1 - Bruins : 1.
9:54 of 1st period - Jonathan Toews wins face-off versus Sean Monahan in neutral zone.
9:57 of 1st period - Snap shot by Zack Kassian.
9:57 of 1st period - Shot Blocked by Clarke MacArthur.
9:59 of 1st period - Snap shot by Jonathan Toews.
9:59 of 1st period - Stopped by Andrei Vasilevskiy without a rebound.
10:00 of 1st period - Sean Monahan wins face-off versus Jonathan Toews in Kings zone.
10:02 of 1st period - Minor Penalty to Clarke MacArthur for Hooking.
10:03 of 1st period - Jonathan Toews wins face-off versus Drew Stafford in Kings zone.
10:03 of 1st period - Slapshot by Zack Kassian.
10:03 of 1st period - Shot Misses the Net.
10:40 of 1st period - Off-side.
10:41 of 1st period - Kevin Hayes wins face-off versus Derek Boogaard in neutral zone.
10:50 of 1st period - Snap shot by Kevin Hayes.
10:50 of 1st period - Stopped by Andrei Vasilevskiy without a rebound.
10:51 of 1st period - Jonathan Toews wins face-off versus Drew Stafford in Kings zone.
10:58 of 1st period - Wrist shot by Zack Kassian.
10:58 of 1st period - Goal by Zack Kassian - Kings : 1 - Bruins : 2.
10:59 of 1st period - Sean Monahan wins face-off versus Jonathan Toews in neutral zone.
11:14 of 1st period - Snap shot by Zack Kassian.
11:14 of 1st period - Stopped by Andrei Vasilevskiy with a rebound.
12:30 of 1st period - Wrist shot by Andrei Kostitsyn.
12:30 of 1st period - Shot Blocked by Teuvo Teravainen.
12:32 of 1st period - Slapshot by Brendan Smith.
12:32 of 1st period - Deflect By Casey Cizikas.
12:32 of 1st period - Stopped by Andrei Vasilevskiy with a rebound.
13:00 of 1st period - Slapshot by Jason Demers.
13:00 of 1st period - Stopped by Andrei Vasilevskiy with a rebound.
13:02 of 1st period - Snap shot by Andrei Kostitsyn.
13:02 of 1st period - Stopped by Andrei Vasilevskiy without a rebound.
13:03 of 1st period - Sean Monahan wins face-off versus Jonathan Toews in Kings zone.
13:03 of 1st period - Sean Monahan is hit by Josh Manson.
13:27 of 1st period - Wojtek Wolski is hit by Seth Jones and loses puck.
13:34 of 1st period - Wrist shot by Sean Monahan.
13:34 of 1st period - Stopped by Kevin Poulin without a rebound.
13:35 of 1st period - Ryan O'Reilly wins face-off versus Kevin Hayes in Bruins zone.
14:02 of 1st period - Madison Bowey is hit by Jared Cowen.
14:10 of 1st period - Snap shot by Derek Boogaard.
14:10 of 1st period - Stopped by Kevin Poulin without a rebound.
14:11 of 1st period - Jonathan Toews wins face-off versus Sean Monahan in Bruins zone.
14:11 of 1st period - Jonathan Toews is hit by Sean Monahan.
14:27 of 1st period - Seth Jones is hit by Jonathan Toews and loses puck.
14:34 of 1st period - Adam Pelech is hit by Clarke MacArthur and loses puck.
14:47 of 1st period - Snap shot by Sean Monahan.
14:47 of 1st period - Stopped by Kevin Poulin with a rebound.
14:49 of 1st period - Slapshot by Seth Jones.
14:49 of 1st period - Stopped by Kevin Poulin without a rebound.
14:50 of 1st period - Kevin Hayes wins face-off versus Ryan O'Reilly in Bruins zone.
15:15 of 1st period - Jason Demers is hit by Ryan O'Reilly.
15:41 of 1st period - Wrist shot by David Pastrnak.
15:41 of 1st period - Stopped by Kevin Poulin with a rebound.
15:43 of 1st period - Slapshot by Ryan O'Reilly.
15:43 of 1st period - Shot Blocked by Brendan Smith.
15:53 of 1st period - Wrist shot by Kyle Clifford.
15:53 of 1st period - Deflect By Ryan O'Reilly.
15:53 of 1st period - Stopped by Kevin Poulin with a rebound.
15:55 of 1st period - Slapshot by Brady Skjei.
15:55 of 1st period - Shot Misses the Net.
16:13 of 1st period - Wrist shot by David Pastrnak.
16:13 of 1st period - Stopped by Kevin Poulin without a rebound.
16:14 of 1st period - Sean Monahan wins face-off versus Jonathan Toews in Bruins zone.
16:23 of 1st period - Slapshot by Seth Jones.
16:23 of 1st period - Stopped by Kevin Poulin without a rebound.
16:24 of 1st period - Sean Monahan wins face-off versus Jonathan Toews in Bruins zone.
16:27 of 1st period - Snap shot by Clarke MacArthur.
16:27 of 1st period - Stopped by Kevin Poulin without a rebound.
16:28 of 1st period - Jonathan Toews wins face-off versus Sean Monahan in Bruins zone.
16:45 of 1st period - Snap shot by Clarke MacArthur.
16:45 of 1st period - Stopped by Kevin Poulin without a rebound.
16:46 of 1st period - Pavel Datsyuk wins face-off versus Casey Cizikas in Bruins zone.
16:51 of 1st period - Slapshot by Seth Jones.
16:51 of 1st period - Stopped by Kevin Poulin without a rebound.
16:52 of 1st period - Casey Cizikas wins face-off versus Pavel Datsyuk in Bruins zone.
16:54 of 1st period - Minor Penalty to Brendan Smith for Slashing.
16:55 of 1st period - Nathan MacKinnon wins face-off versus Wojtek Wolski in Bruins zone.
18:54 of 1st period - Penalty to Brendan Smith is over, Brendan Smith is back on ice.
19:36 of 1st period - Slapshot by Seth Jones.
19:36 of 1st period - Stopped by Kevin Poulin with a rebound.
19:38 of 1st period - Wrist shot by Sean Monahan.
19:38 of 1st period - Deflect By Torey Krug.
19:38 of 1st period - Stopped by Kevin Poulin without a rebound.
19:39 of 1st period - Casey Cizikas wins face-off versus Pavel Datsyuk in Bruins zone.
19:48 of 1st period - Snap shot by Adam Pelech.
19:48 of 1st period - Shot Blocked by Pavel Datsyuk.
Goals for this period are 1 for Kings vs 2 for Bruins.
Shots for this period are 19 for Kings vs 11 for Bruins.
2nd period
0:01 of 2nd period - Jonathan Toews wins face-off versus Sean Monahan in neutral zone.
0:17 of 2nd period - Icing by Aaron Ekblad.
0:18 of 2nd period - Sean Monahan wins face-off versus Kevin Hayes in Kings zone.
0:45 of 2nd period - Clarke MacArthur is hit by Wojtek Wolski and loses puck.
1:18 of 2nd period - Andrei Kostitsyn is hit by Aaron Ekblad and loses puck.
1:31 of 2nd period - Slapshot by Jared Cowen.
1:31 of 2nd period - Stopped by Kevin Poulin with a rebound.
1:33 of 2nd period - Slapshot by Pavel Datsyuk.
1:33 of 2nd period - Stopped by Kevin Poulin with a rebound.
1:35 of 2nd period - Slapshot by Brady Skjei.
1:35 of 2nd period - Deflect By Gabriel Landeskog.
1:35 of 2nd period - Stopped by Kevin Poulin without a rebound.
1:36 of 2nd period - Jonathan Toews wins face-off versus Nathan MacKinnon in Bruins zone.
4:22 of 2nd period - Icing by Brady Skjei.
4:23 of 2nd period - Nathan MacKinnon wins face-off versus Kevin Hayes in Kings zone.
4:32 of 2nd period - Snap shot by Kevin Hayes.
4:32 of 2nd period - Shot Misses the Net.
6:05 of 2nd period - Snap shot by Jason Demers.
6:05 of 2nd period - Deflect By Zack Kassian.
6:05 of 2nd period - Stopped by Andrei Vasilevskiy with a rebound.
6:16 of 2nd period - Drew Stafford is hit by Kevin Hayes.
7:00 of 2nd period - Slapshot by Wojtek Wolski.
7:00 of 2nd period - Shot Blocked by Mikko Rantanen.
7:02 of 2nd period - Wrist shot by Wojtek Wolski.
7:02 of 2nd period - Shot Blocked by Damon Severson.
8:03 of 2nd period - Slapshot by Adam Pelech.
8:03 of 2nd period - Stopped by Andrei Vasilevskiy without a rebound.
8:04 of 2nd period - Ryan O'Reilly wins face-off versus Jonathan Toews in Kings zone.
8:17 of 2nd period - Slapshot by David Pastrnak.
8:17 of 2nd period - Shot Misses the Net.
8:19 of 2nd period - Snap shot by Kyle Clifford.
8:19 of 2nd period - Deflect By Jonathan Toews.
8:19 of 2nd period - Shot Misses the Net.
8:19 of 2nd period - Puck is out of play.
8:20 of 2nd period - Sean Monahan wins face-off versus Kevin Hayes in Bruins zone.
8:23 of 2nd period - Snap shot by Drew Stafford.
8:23 of 2nd period - Deflect By Sean Monahan.
8:23 of 2nd period - Stopped by Kevin Poulin without a rebound.
8:24 of 2nd period - Sean Monahan wins face-off versus Victor Oreskovich in Bruins zone.
8:33 of 2nd period - Madison Bowey is hit by Clarke MacArthur and loses puck.
8:39 of 2nd period - Icing by Madison Bowey.
8:40 of 2nd period - Ryan O'Reilly wins face-off versus Kevin Hayes in Bruins zone.
8:41 of 2nd period - Snap shot by Kyle Clifford.
8:41 of 2nd period - Shot Misses the Net.
8:49 of 2nd period - Seth Jones is hit by Kevin Hayes and loses puck.
9:08 of 2nd period - Wrist shot by Kevin Hayes.
9:08 of 2nd period - Shot Misses the Net.
9:10 of 2nd period - Slapshot by Madison Bowey.
9:10 of 2nd period - Deflect By Seth Jones.
9:10 of 2nd period - Stopped by Andrei Vasilevskiy without a rebound.
9:11 of 2nd period - Jonathan Toews wins face-off versus Sean Monahan in Kings zone.
9:19 of 2nd period - Icing by Brady Skjei.
9:20 of 2nd period - Jonathan Toews wins face-off versus Sean Monahan in Kings zone.
9:51 of 2nd period - Wrist shot by Wojtek Wolski.
9:51 of 2nd period - Stopped by Andrei Vasilevskiy without a rebound.
9:52 of 2nd period - Ryan O'Reilly wins face-off versus Kevin Hayes in Kings zone.
10:06 of 2nd period - Snap shot by Kevin Hayes.
10:06 of 2nd period - Stopped by Andrei Vasilevskiy with a rebound.
10:08 of 2nd period - Slapshot by Kevin Hayes.
10:08 of 2nd period - Shot Misses the Net.
10:18 of 2nd period - Adam Pelech is hit by Teuvo Teravainen and loses puck.
10:35 of 2nd period - Minor Penalty to Andrei Kostitsyn for Cross-checking.
10:36 of 2nd period - Nathan MacKinnon wins face-off versus Wojtek Wolski in Bruins zone.
12:26 of 2nd period - Jake Guentzel is hit by Torey Krug and loses puck.
12:35 of 2nd period - Penalty to Andrei Kostitsyn is over, Andrei Kostitsyn is back on ice.
12:44 of 2nd period - Slapshot by Torey Krug.
12:44 of 2nd period - Stopped by Andrei Vasilevskiy with a rebound.
14:53 of 2nd period - Icing by Brady Skjei.
14:54 of 2nd period - Ryan O'Reilly wins face-off versus Jonathan Toews in Kings zone.
15:15 of 2nd period - Snap shot by Gabriel Landeskog.
15:15 of 2nd period - Deflect By Victor Oreskovich.
15:15 of 2nd period - Stopped by Andrei Vasilevskiy with a rebound.
15:19 of 2nd period - Wrist shot by Victor Oreskovich.
15:19 of 2nd period - Deflect By Sean Monahan.
15:19 of 2nd period - Shot Blocked by Cody Franson.
15:19 of 2nd period - Puck is out of play.
15:20 of 2nd period - Jonathan Toews wins face-off versus Jake Guentzel in Kings zone.
15:28 of 2nd period - Minor Penalty to Seth Jones for Interference.
15:29 of 2nd period - Jonathan Toews wins face-off versus Drew Stafford in Kings zone.
16:02 of 2nd period - Snap shot by Victor Oreskovich.
16:02 of 2nd period - Stopped by Andrei Vasilevskiy without a rebound.
16:03 of 2nd period - Kyle Clifford wins face-off versus Kevin Hayes in Kings zone.
16:18 of 2nd period - Slapshot by Gabriel Landeskog.
16:18 of 2nd period - Shot Misses the Net.
17:28 of 2nd period - Penalty to Seth Jones is over, Seth Jones is back on ice.
17:37 of 2nd period - Minor Penalty to Aaron Ekblad for Hooking.
17:38 of 2nd period - Pavel Datsyuk wins face-off versus Jonathan Toews in Kings zone.
17:47 of 2nd period - Slapshot by Wojtek Wolski.
17:47 of 2nd period - Shot Blocked by Cody Franson.
17:49 of 2nd period - Slapshot by Torey Krug.
17:49 of 2nd period - Goal by Torey Krug - Kings : 1 - Bruins : 3.
17:50 of 2nd period - Jonathan Toews wins face-off versus Ryan O'Reilly in neutral zone.
18:20 of 2nd period - Snap shot by Sean Monahan.
18:20 of 2nd period - Stopped by Kevin Poulin with a rebound.
Goals for this period are 0 for Kings vs 1 for Bruins.
Shots for this period are 5 for Kings vs 9 for Bruins.
3rd period
0:01 of 3rd period - Ryan O'Reilly wins face-off versus Jonathan Toews in neutral zone.
0:08 of 3rd period - Slapshot by David Pastrnak.
0:08 of 3rd period - Shot Misses the Net.
0:10 of 3rd period - Slapshot by Brady Skjei.
0:10 of 3rd period - Shot Blocked by Brendan Smith.
0:12 of 3rd period - Slapshot by Ryan O'Reilly.
0:12 of 3rd period - Deflect By David Pastrnak.
0:12 of 3rd period - Shot Blocked by Wojtek Wolski.
0:12 of 3rd period - Puck is out of play.
0:13 of 3rd period - Jonathan Toews wins face-off versus Ryan O'Reilly in Bruins zone.
0:18 of 3rd period - Jonathan Toews is hit by Ryan O'Reilly and loses puck.
0:48 of 3rd period - Kevin Hayes is hit by Teuvo Teravainen and loses puck.
0:55 of 3rd period - Brady Skjei is hit by Gabriel Landeskog and loses puck.
1:10 of 3rd period - Slapshot by Torey Krug.
1:10 of 3rd period - Shot Blocked by Brady Skjei.
1:12 of 3rd period - Wrist shot by Matt Read.
1:12 of 3rd period - Stopped by Andrei Vasilevskiy without a rebound.
1:13 of 3rd period - Jonathan Toews wins face-off versus Sean Monahan in Kings zone.
1:16 of 3rd period - Wrist shot by Wojtek Wolski.
1:16 of 3rd period - Stopped by Andrei Vasilevskiy without a rebound.
1:17 of 3rd period - Sean Monahan wins face-off versus Jonathan Toews in Kings zone.
1:31 of 3rd period - Off-side.
1:32 of 3rd period - Jonathan Toews wins face-off versus Ryan O'Reilly in neutral zone.
1:42 of 3rd period - Wrist shot by David Pastrnak.
1:42 of 3rd period - Stopped by Kevin Poulin with a rebound.
2:26 of 3rd period - Slapshot by Seth Jones.
2:26 of 3rd period - Shot Misses the Net.
2:40 of 3rd period - Minor Penalty to Aaron Ekblad for Tripping.
2:41 of 3rd period - Jonathan Toews wins face-off versus Drew Stafford in Kings zone.
2:48 of 3rd period - Wrist shot by Wojtek Wolski.
2:48 of 3rd period - Stopped by Andrei Vasilevskiy with a rebound.
3:54 of 3rd period - Snap shot by Ryan O'Reilly.
3:54 of 3rd period - Stopped by Kevin Poulin without a rebound.
3:55 of 3rd period - Ryan O'Reilly wins face-off versus Jonathan Toews in Bruins zone.
3:58 of 3rd period - Slapshot by Ryan O'Reilly.
3:58 of 3rd period - Shot Misses the Net.
4:40 of 3rd period - Penalty to Aaron Ekblad is over, Aaron Ekblad is back on ice.
5:06 of 3rd period - Slapshot by Teuvo Teravainen.
5:06 of 3rd period - Stopped by Kevin Poulin with a rebound.
5:08 of 3rd period - Slapshot by Seth Jones.
5:08 of 3rd period - Shot Misses the Net.
5:28 of 3rd period - Wrist shot by Mikael Backlund.
5:28 of 3rd period - Shot Blocked by Cody Franson.
6:18 of 3rd period - Wrist shot by Casey Cizikas.
6:18 of 3rd period - Stopped by Andrei Vasilevskiy without a rebound.
6:19 of 3rd period - Ryan O'Reilly wins face-off versus Matt Read in Kings zone.
6:21 of 3rd period - Icing by Seth Jones.
6:22 of 3rd period - Ryan O'Reilly wins face-off versus Jonathan Toews in Kings zone.
6:22 of 3rd period - Ryan O'Reilly is hit by Brendan Smith.
6:51 of 3rd period - Drew Stafford is hit by Gabriel Landeskog.
7:01 of 3rd period - Seth Jones is hit by Kevin Hayes and loses puck.
7:12 of 3rd period - Torey Krug is hit by Teuvo Teravainen and loses puck.
8:01 of 3rd period - Snap shot by Zack Kassian.
8:01 of 3rd period - Deflect By Brady Skjei.
8:01 of 3rd period - Stopped by Andrei Vasilevskiy without a rebound.
8:02 of 3rd period - Nathan MacKinnon wins face-off versus Jonathan Toews in Kings zone.
8:07 of 3rd period - Jonathan Toews is hit by Nathan MacKinnon and loses puck.
8:25 of 3rd period - Icing by Josh Manson.
8:26 of 3rd period - Gabriel Landeskog wins face-off versus Sean Monahan in Bruins zone.
8:53 of 3rd period - Kevin Hayes is hit by Teuvo Teravainen and loses puck.
9:00 of 3rd period - Backhand shot by Nathan MacKinnon.
9:00 of 3rd period - Stopped by Kevin Poulin with a rebound.
9:06 of 3rd period - Jake Guentzel is hit by Gabriel Landeskog and loses puck.
9:37 of 3rd period - Wrist shot by Victor Oreskovich.
9:37 of 3rd period - Shot Misses the Net.
9:39 of 3rd period - Snap shot by Josh Manson.
9:39 of 3rd period - Deflect By Teuvo Teravainen.
9:39 of 3rd period - Stopped by Andrei Vasilevskiy with a rebound.
9:41 of 3rd period - Slapshot by Adam Pelech.
9:41 of 3rd period - Stopped by Andrei Vasilevskiy with a rebound.
9:51 of 3rd period - Adam Pelech is hit by Jake Guentzel and loses puck.
11:01 of 3rd period - Snap shot by Kevin Hayes.
11:01 of 3rd period - Stopped by Andrei Vasilevskiy without a rebound.
11:02 of 3rd period - Jonathan Toews wins face-off versus Ryan O'Reilly in Kings zone.
11:05 of 3rd period - Snap shot by Zack Kassian.
11:05 of 3rd period - Stopped by Andrei Vasilevskiy without a rebound.
11:06 of 3rd period - Jonathan Toews wins face-off versus Ryan O'Reilly in Kings zone.
11:16 of 3rd period - Off-side.
11:17 of 3rd period - Ryan O'Reilly wins face-off versus Jonathan Toews in neutral zone.
11:50 of 3rd period - Off-side.
11:51 of 3rd period - Sean Monahan wins face-off versus Jonathan Toews in neutral zone.
12:02 of 3rd period - Wrist shot by Zack Kassian.
12:02 of 3rd period - Stopped by Andrei Vasilevskiy with a rebound.
12:16 of 3rd period - Torey Krug is hit by Ryan O'Reilly and loses puck.
12:21 of 3rd period - Snap shot by David Pastrnak.
12:21 of 3rd period - Stopped by Kevin Poulin without a rebound.
12:22 of 3rd period - Jonathan Toews wins face-off versus Ryan O'Reilly in Bruins zone.
12:22 of 3rd period - Jonathan Toews is hit by Jared Cowen.
12:47 of 3rd period - Casey Cizikas is hit by Sean Monahan and loses puck.
12:56 of 3rd period - Snap shot by Sean Monahan.
12:56 of 3rd period - Stopped by Kevin Poulin with a rebound.
12:58 of 3rd period - Snap shot by Clarke MacArthur.
12:58 of 3rd period - Stopped by Kevin Poulin with a rebound.
13:10 of 3rd period - Backhand shot by Matt Read.
13:10 of 3rd period - Shot Misses the Net.
13:29 of 3rd period - Snap shot by Ryan O'Reilly.
13:29 of 3rd period - Deflect By Zack Kassian.
13:29 of 3rd period - Shot Misses the Net.
13:29 of 3rd period - Puck is out of play.
13:30 of 3rd period - Ryan O'Reilly wins face-off versus Jonathan Toews in Bruins zone.
14:29 of 3rd period - Wrist shot by Zack Kassian.
14:29 of 3rd period - Shot Blocked by Kyle Clifford.
14:45 of 3rd period - Wrist shot by Ryan O'Reilly.
14:45 of 3rd period - Shot Misses the Net.
14:47 of 3rd period - Wrist shot by Damon Severson.
14:47 of 3rd period - Shot Blocked by Madison Bowey.
14:51 of 3rd period - Slapshot by Kyle Clifford.
14:51 of 3rd period - Shot Misses the Net.
14:53 of 3rd period - Snap shot by David Pastrnak.
14:53 of 3rd period - Deflect By Kyle Clifford.
14:53 of 3rd period - Shot Misses the Net.
14:53 of 3rd period - Puck is out of play.
14:54 of 3rd period - Kevin Hayes wins face-off versus Sean Monahan in Bruins zone.
15:20 of 3rd period - Kevin Hayes is hit by Jake Guentzel and loses puck.
15:25 of 3rd period - Slapshot by Seth Jones.
15:25 of 3rd period - Stopped by Kevin Poulin with a rebound.
15:27 of 3rd period - Slapshot by Seth Jones.
15:27 of 3rd period - Stopped by Kevin Poulin with a rebound.
15:29 of 3rd period - Wrist shot by Nathan MacKinnon.
15:29 of 3rd period - Stopped by Kevin Poulin without a rebound.
15:30 of 3rd period - Sean Monahan wins face-off versus Casey Cizikas in Bruins zone.
15:41 of 3rd period - Snap shot by Matt Read.
15:41 of 3rd period - Shot Misses the Net.
16:02 of 3rd period - Mikael Backlund is hit by Brady Skjei and loses puck.
16:17 of 3rd period - Slapshot by Brady Skjei.
16:17 of 3rd period - Shot Blocked by Brendan Smith.
16:19 of 3rd period - Snap shot by Teuvo Teravainen.
16:19 of 3rd period - Stopped by Kevin Poulin without a rebound.
16:20 of 3rd period - Kevin Hayes wins face-off versus Jake Guentzel in Bruins zone.
16:20 of 3rd period - Kevin Hayes is hit by Nathan MacKinnon.
16:30 of 3rd period - Wrist shot by Victor Oreskovich.
16:30 of 3rd period - Stopped by Andrei Vasilevskiy with a rebound.
16:32 of 3rd period - Minor Penalty to Cody Franson for High sticking.
16:33 of 3rd period - Drew Stafford wins face-off versus Jonathan Toews in Kings zone.
16:44 of 3rd period - Pavel Datsyuk is hit by Torey Krug and loses puck.
17:11 of 3rd period - Slapshot by Seth Jones.
17:11 of 3rd period - Shot Blocked by Torey Krug.
17:13 of 3rd period - Wrist shot by Derek Boogaard.
17:13 of 3rd period - Stopped by Kevin Poulin without a rebound.
17:14 of 3rd period - Drew Stafford wins face-off versus Jonathan Toews in Bruins zone.
17:41 of 3rd period - Madison Bowey is hit by Damon Severson and loses puck.
18:32 of 3rd period - Penalty to Cody Franson is over, Cody Franson is back on ice.
18:41 of 3rd period - Nathan MacKinnon is hit by Matt Read.
19:03 of 3rd period - Seth Jones is hit by Jonathan Toews and loses puck.
19:33 of 3rd period - Wojtek Wolski is hit by Brady Skjei and loses puck.
Goals for this period are 0 for Kings vs 0 for Bruins.
Shots for this period are 12 for Kings vs 11 for Bruins.